 Dungeon Crawl Stone Soup version 0.22-a0-388-g09e6169 (webtiles) character file.

258 Mgcat the Insei (level 6, -2/38 HPs)
             Began as an Octopode Transmuter on Apr 29, 2018.
             Slain by Totori's ghost (14 damage)
             ... on level 4 of the Dungeon.
             The game lasted 00:07:55 (2888 turns).

Mgcat the Insei (Octopode Transmuter)               Turns: 2888, Time: 00:07:55

Health: -2/38      AC: -1    Str: 10    XL:     6   Next: 16%
Magic:  3/9        EV: 19    Int: 17    God:
Gold:   165        SH:  0    Dex: 17    Spells: 3/9 levels left

rFire    . . .     SeeInvis .     - Unarmed
rCold    . . .     Gourm    .   (shield currently unavailable)
rNeg     . . .     Faith    .   (helmet currently unavailable)
rPois    x         Spirit   .   s - amulet of inaccuracy (curse)
rElec    .         Reflect  .   t - -3 ring of protection (curse)
rCorr    .         Harm     .   (no ring)
MR       .....                  (no ring)
Stlth    ++........             (no ring)
HPRegen  0.12/turn              (no ring)
MPRegen  0.11/turn              (no ring)
                                (no ring)
                                (no ring)

@: spider-form, very slightly contaminated
A: tiny, almost no armour, stealthy swim, (amphibious), 8 rings, (constrict 8)
a: End Transformation


You were on level 4 of the Dungeon.
You were hungry.
You were a venomous arachnid creature.
You visited 1 branch of the dungeon, and saw 4 of its levels.

You collected 165 gold pieces.

Inventory:

Hand Weapons
 d - a +1 dagger of electrocution
   (You took it off a kobold on level 1 of the Dungeon)
 m - a cursed -3 spear (melded)
   (You found it on level 2 of the Dungeon)
Missiles
 a - 10 arrows
Armour
 b - a +0 shield
   (You found it on level 2 of the Dungeon)
Jewellery
 s - a cursed amulet of inaccuracy (around neck)
   (You found it on level 3 of the Dungeon)
 t - a cursed -3 ring of protection (left front leg)
   (You took it off a goblin on level 3 of the Dungeon)
Scrolls
 j - a scroll of noise {!r}
 k - 5 scrolls of teleportation
 q - a scroll of enchant armour
Potions
 e - a potion of berserk rage {unknown}
 f - a potion of flight
 g - 2 potions of curing
 h - a potion of magic {unknown}
 i - a potion of might {unknown}
 l - a potion of degeneration {unknown}
 p - a potion of haste {unknown}
Comestibles
 c - 5 rations


   Skills:
 - Level 1.0 Fighting
 - Level 2.0 Dodging
 + Level 4.7 Unarmed Combat
 - Level 2.0 Spellcasting
 + Level 4.1 Transmutations
 + Level 3.1 Poison Magic


You had 3 spell levels left.
You knew the following spells:

 Your Spells              Type           Power        Failure   Level  Hunger
a - Beastly Appendage     Tmut           ###...       12%         1    #......
b - Sticks to Snakes      Tmut           ###.....     16%         2    ###....
c - Spider Form           Tmut/Pois      ##........   30%         3    ###....


Dungeon Overview and Level Annotations

Branches:
Dungeon (4/15)
 Temple: D:4-7

Altars:
Cheibriados
Elyvilon
Qazlal

Annotations:
D:4 Totori's ghost, novice DrTm


Innate Abilities, Weirdness & Mutations

You cannot wear most types of armour.
You are very stealthy in the water. (Stealth+)
((You are amphibious.))
You can wear up to eight rings at the same time.
((You can use your tentacles to constrict eight enemies at once.))
((Your skin changes colour to match your surroundings (Stealth+).))
((Your rubbery body absorbs attacks. (AC +1, EV +1)))


Message History

Your cursed -3 spear unmelds from your body.
A ball python comes into view.
Casting: Spider Form (safe; 13% risk of failure)
Confirm with . or Enter, or press ? or * to list all spells.
You turn into a venomous arachnid creature.
Your cursed -3 spear melds into your body.
You bite the ball python!
You kill the ball python!
No target in view!
No target in view!
Your transformation is almost over.
Your transformation has ended.
Your cursed -3 spear unmelds from your body.
n - 2 scrolls labeled OMO ZEYFITEQI (gained 1) Some of the chunks of flesh in your inventory have rotted away.
You see here a ring mail.
You see here a club.
There is an escape hatch in the ceiling here.
All of the chunks of flesh in your inventory have rotted away.
You open the door.
Found an escape hatch in the floor.
There is an open door here.
There is an open door here.
q - a scroll of enchant armour You are feeling hungry.
Partly explored, can't reach some items.
Partly explored, can't reach some items.
Partly explored, can't reach some items.
Partly explored, can't reach some items.
Partly explored, can't reach some items.
As you read the scroll labeled XIUTOU NIOD, it crumbles to dust.
You feel momentarily disoriented.
It was a scroll of magic mapping.
As you read the scroll labeled OMO ZEYFITEQI, it crumbles to dust.
It is a scroll of identify.
g - 2 potions of curing Blink to where?
Press: ? - help, Dir - move target cursor You are very lightly contaminated with residual magic.
As you read the scroll labeled LUF LULORREU, it crumbles to dust.
It was a scroll of blinking.
Okay, then.
As you read the scroll of identify, it crumbles to dust.
f - a potion of flight Put on which piece of jewellery? (? for menu, Esc to quit)
Oops, that ring feels deathly cold.
t - a cursed -3 ring of protection (left tentacle) Unknown command.
Unknown command.
Partly explored, can't reach some items.
Partly explored, can't reach some items.
Partly explored, can't reach some items.
Partly explored, can't reach some items.
Partly explored, can't reach some items.
Partly explored, can't reach some items.
Partly explored, can't reach some items.
Partly explored, can't reach some items.
Partly explored, can't reach some items.
Partly explored, can't reach some items.
(D) Dungeon
Where to? (Enter - D:2 @ (x,y), ? - help)
What level of the Dungeon? (default 1, ? - help)
Your magical contamination has completely faded away.
There is a stone staircase leading down here.
There is a stone staircase leading down here.
You climb downwards.
There is a stone staircase leading up here.
Totori's ghost (novice Grey Draconian Transmuter) comes into view.
Casting: Spider Form (safe; 13% risk of failure)
Confirm with . or Enter, or press ? or * to list all spells.
You turn into a venomous arachnid creature.
Your cursed -3 spear melds into your body.
Totori's ghost turns its malevolent gaze towards you.
Casting: Spider Form (safe; 30% risk of failure)
Confirm with . or Enter, or press ? or * to list all spells.
You miscast Sticks to Snakes.
You are very lightly contaminated with residual magic.
Your front legs glow momentarily.
Totori's ghost closely misses you.
Casting: Sticks to Snakes (safe; 16% risk of failure)
Confirm with . or Enter, or press ? or * to list all spells.
You create a snake!
You now have 10 arrows.
Totori's ghost hits you.
Totori's ghost wails, "What do you have that I didn't have?"
Totori's ghost hits you!
You miss Totori's ghost. Totori's ghost hits you.
Your adder bites Totori's ghost but does no damage.
You closely miss Totori's ghost.
Your adder closely misses Totori's ghost.
Totori's ghost misses you.
You closely miss Totori's ghost.
Your adder closely misses Totori's ghost.
Totori's ghost hits you.
Your adder closely misses Totori's ghost.
You completely miss Totori's ghost. Totori's ghost hits you!
* * * LOW HITPOINT WARNING * * *
Your adder bites Totori's ghost but does no damage.
You miss Totori's ghost. Totori's ghost barely misses you.
Your adder closely misses Totori's ghost.
You swap places.
Your adder completely misses Totori's ghost.
Totori's ghost hits you!
You die...

.# .# .# .#
.#
####.#####.
#.SW.......
#.###s#.####
#....<#
#####.# #.#
#.. ###


You could see Totori's ghost and a friendly adder.

Vanquished Creatures
  A gnoll (D:1)
  4 adders (D:2)
  3 oozes
  3 worms
  2 dart slugs (D:1)
  A leopard gecko (D:3)
  4 orcs
  2 giant cockroaches
  13 goblins
  8 hobgoblins
  9 kobolds
  3 ball pythons
  15 bats
  6 frilled lizards
  6 rats
80 creatures vanquished.

Vanquished Creatures (collateral kills)
  The ghost of VDreamerV the Changer, an amateur OpTm (D:3)
1 creature vanquished.

Grand Total: 81 creatures vanquished

Notes
Turn   | Place    | Note
-------+----------+-------------------------------------------
     0 | D:1      | Mgcat the Octopode Transmuter began the quest for the Orb.
     0 | D:1      | Reached XP level 1. HP: 13/13 MP: 3/3
    52 | D:1      | Reached XP level 2. HP: 18/18 MP: 3/5
    67 | D:1      | Learned a level 2 spell: Sticks to Snakes
   223 | D:1      | Reached XP level 3. HP: 17/23 MP: 4/6
   258 | D:1      | Reached skill level 3 in Transmutations
   270 | D:1      | Learned a level 3 spell: Spider Form
   540 | D:1      | Reached XP level 4. HP: 27/28 MP: 5/7
   646 | D:2      | Reached skill level 1 in Poison Magic
   671 | D:2      | Reached skill level 4 in Unarmed Combat
   797 | D:2      | Found a white marble altar of Elyvilon.
  1005 | D:2      | HP: 7/28 [poisoned by an adder]
  1013 | D:2      | HP: 6/28 [poisoned by an adder]
  1207 | D:2      | Reached skill level 2 in Poison Magic
  1207 | D:2      | Reached XP level 5. HP: 27/33 MP: 6/8
  1283 | D:2      | Found a snail-covered altar of Cheibriados.
  1284 | D:2      | Found a stormy altar of Qazlal.
  1649 | D:3      | Noticed VDreamerV's ghost (amateur OpTm)
  1970 | D:3      | Killed VDreamerV's ghost
  1970 | D:3      | Reached skill level 4 in Transmutations
  1970 | D:3      | Reached skill level 3 in Poison Magic
  1970 | D:3      | Reached XP level 6. HP: 32/38 MP: 4/9
  2878 | D:4      | Noticed Totori's ghost (novice DrTm)
  2888 | D:4      | Slain by Totori's ghost

Vault maps used:
D:1:      erik_arrival_gehennom
D:2:      gammafunk_temple_overflow_forgotten
D:3:      serial_corexii_hall, corexii_hall_statues_deadend,
          corexii_hall_statues_l, grunt_ministairs_4, minmay_gold_behind_fungi
D:4:      temple_pool_b, uniq_pikel, uniq_natasha

Skill      XL: |  1  2  3  4  5 |
---------------+----------------+-----
Transmutations | 3 4 |  4.1
Poison Magic   | 2 3 |  3.1
Unarmed Combat | 4 |  4.7
Fighting       | |  1.0
Dodging        | |  2.0
Spellcasting   | |  2.0

Action                   |  1- 3 |  4- 6 || total
-------------------------+-------+-------++-------
Melee: Dagger            |    44 |    42 ||    86
       Unarmed           |     5 |    59 ||    64
       Constrict         |    14 |    10 ||    24
       Kick              |     7 |     5 ||    12
       Tentacles         |     5 |     4 ||     9
       Punch             |       |     2 ||     2
       Spear             |       |     6 ||     6
 Cast: Beastly Appendage |    12 |    19 ||    31
       Spider Form       |       |    18 ||    18
       Sticks to Snakes  |       |     2 ||     2
  Use: Scroll            |       |     7 ||     7
 Stab: Sleeping          |     2 |     7 ||     9
  Eat: Chunk             |       |     5 ||     5
       Ration            |       |     1 ||     1
Armor: Skin              |     3 |    10 ||    13
Dodge: Dodged            |    28 |    81 ||   109

Table legend:
 A = Spawn XP
 B = Non-spawn XP
 C = Spawn XP percentage of total XP
 D = Spawn monster count
 E = Non-spawn monster count
 F = Spawn count percentage of total count
 G = Total turns spent on level
                    A         B        C        D         E        F      G
               +---------+---------+-------+---------+---------+-------+---------
         Total |       0 |     369 |   0.0 |       0 |      81 |   0.0 |  2888
               +---------+---------+-------+---------+---------+-------+---------
           D:1 |       0 |      85 |   0.0 |       0 |      35 |   0.0 |   640
           D:2 |       0 |     102 |   0.0 |       0 |      27 |   0.0 |  1104
           D:3 |       0 |     182 |   0.0 |       0 |      19 |   0.0 |  1131
               +---------+---------+-------+---------+---------+-------+---------

Vault maps used:
D:1:      erik_arrival_gehennom
D:2:      gammafunk_temple_overflow_forgotten
D:3:      serial_corexii_hall, corexii_hall_statues_deadend,
          corexii_hall_statues_l, grunt_ministairs_4, minmay_gold_behind_fungi
D:4:      temple_pool_b, uniq_pikel, uniq_natasha

Table legend:
 A = Turns spent in this place as a percentage of turns spent in the entire game.
 B = Non-inter-level travel turns spent in this place as a percentage of non-inter-level travel turns spent in the entire game.
 C = Inter-level travel turns spent in this place as a percentage of turns spent in this place.
 D = Turns resting spent in this place as a percentage of non-inter-level travel turns spent in this place.
 E = Turns spent auto-exploring this place as a percentage of non-inter-level travel turns spent in this place.
 F = Non-inter-level travel turns spent in this place divided by the number of levels of this place that you've seen.
                   A       B       C       D       E      F
               +-------+-------+-------+-------+-------+----------------------
         Total | 100.0 | 100.0 |   6.2 |   0.0 |  78.1 | 677.2
       Dungeon | 100.0 | 100.0 |   6.2 |   0.0 |  78.1 | 677.2
               +-------+-------+-------+-------+-------+----------------------

Table legend:
 A = Kills in this place as a percentage of kills in entire the game.
 B = Kills by you in this place as a percentage of kills by you in the entire game.
 C = Kills by friends in this place as a percentage of kills by friends in the entire game.
 D = Other kills in this place as a percentage of other kills in the entire game.
 E = Experience gained in this place as a percentage of experience gained in the entire game.
 F = Experience gained in this place divided by the number of levels of this place that you have seen.
                   A       B       C       D       E      F
               +-------+-------+-------+-------+-------+----------------------
         Total | 100.0 | 100.0 | 100.0 |   N/A | 100.0 |  92.2
       Dungeon | 100.0 | 100.0 | 100.0 |   N/A | 100.0 |  92.2
               +-------+-------+-------+-------+-------+----------------------
